Map: Whispers of Gold

Players

Lambo

  • Race: Zerg Zerg
  • League: Grandmaster
  • Spawn Location: 9:00

herO - Winner!

  • Race: Protoss Protoss
  • League: Grandmaster
  • Spawn Location: 5:00

VOD

Have the link to the VOD?

Description

Time

  • Played on: March 26, 2025, 12:51 p.m.
  • Length: 8:27
Show
View Real Time Build Order
Export as new Build Order

Lambo Zerg 

Build Orders: Hatch First 

Get SALT Encoding   

  12  0:00  Drone  
  13  0:08  Drone  
  13  0:13  Extractor  
  13  0:15  Drone  
  15  0:22  Overlord  
  15  0:43  Hatchery  
  15  0:47  Drone  
  15  0:50  Drone  
  15  0:54  Drone  
  17  0:58  Drone  
  18  1:08  Extractor  
  17  1:15  Spawning Pool  
  16  1:20  Drone  
  16  1:23  Drone  
  18  1:31  Drone  
  19  1:40  Drone  
  20  1:52  Drone  
  21  1:57  Drone  
  22  2:02  Queen x2  
  22  2:08  Overlord  
  26  2:11  Drone  
  26  2:15  Drone  
  28  2:20  Metabolic Boost  
  28  2:27  Drone x2  
  28  2:28  Drone  
  31  2:34  Drone  
  32  2:39  Queen  
  34  2:50  Hatchery  
  33  2:54  Overlord  
  33  2:57  Zergling x2  
  34  2:59  Drone  
  34  3:01  Drone  
  36  3:06  Overlord  
  40  3:12  Drone x4  
  40  3:14  Drone  
  40  3:17  Drone  
  42  3:21  Overlord  
  42  3:24  Zergling x2  
  42  3:25  Drone  
  44  3:33  Spore Crawler  
  43  3:36  Drone  
  43  3:38  Queen  
  46  3:41  Queen  
  46  3:46  Drone  
  49  3:49  Spore Crawler, Drone x2  
  49  3:51  Overlord  
  49  3:55  Drone x2  
  52  3:59  Overlord  
  52  4:03  Overlord  
  52  4:07  Overlord  
  52  4:14  Overlord  
  52  4:15  Drone x4  
  56  4:17  Zergling x2  
  57  4:27  Drone  
  57  4:28  Drone  
  57  4:29  Roach Warren  
  57  4:31  Drone x2  
  57  4:33  Drone  
  57  4:34  Drone x2  
  62  4:39  Extractor  
  62  4:40  Drone x3  
  62  4:44  Lair  
  63  4:45  Drone  
  63  4:47  Drone  
  63  4:49  Extractor  
  63  4:50  Drone x2  
  63  4:51  Drone  
  66  4:53  Zergling x2  
  66  4:54  Drone  
  66  4:57  Drone x2  
  70  5:00  Overlord  
  70  5:02  Zergling x4  
  70  5:06  Overlord  
  72  5:09  Zergling x2  
  73  5:24  Drone x2  
  73  5:25  Extractor, Roach x5  
  73  5:27  Overlord  
  84  5:30  Roach x3  
  89  5:38  Roach x4  
  97  5:44  Evolution Chamber  
  97  5:48  Evolution Chamber  
  97  5:49  Roach  
  97  5:56  Roach x4  
  103  5:59  Roach  
  103  6:00  Overlord  
  103  6:04  Roach  
  105  6:07  Overlord  
  105  6:11  Evolution Chamber  
  105  6:12  Spore Crawler, Pneumatized Carapace  
  105  6:18  Overlord x2  
  105  6:23  Extractor  
  114  6:25  Roach x5  
  114  6:30  Roach x3  
  120  6:35  Overlord x3  
  120  6:36  Glial Reconstitution  
  120  6:37  Overlord  
  120  6:38  Overlord  
  120  6:40  Overlord  
  120  6:41  Extractor  
  120  6:42  Zergling x8  
  124  6:47  Zergling x4, Ravager x2  
  124  6:53  Zergling x12  
  133  6:54  Ravager  
  134  7:05  Zergling x10  
  139  7:08  Zergling x6  
  139  7:14  Roach  
  138  7:18  Roach  
  138  7:19  Roach  
  142  7:22  Zergling x2, Roach  
  142  7:23  Zergling x10  
  142  7:29  Ravager x5  
  151  7:33  Ravager  
  151  7:35  Overlord  
  151  7:36  Zergling x4  
  151  7:38  Queen  
  151  7:42  Zergling x4  
  149  7:48  Zergling x2  
  139  7:55  Zergling x14  
  136  8:04  Roach x3  
  127  8:12  Ravager  
Show
View Real Time Build Order
Export as new Build Order

herO Protoss - Winner!

Build Orders: 1 Gate Expand, Oracle Opening 

Get SALT Encoding   

  12  0:00  Probe  
  13  0:13  Pylon, Probe  
  14  0:21  Probe  
  15  0:32  Probe  
  16  0:41  Gateway  
  16  0:44  Probe  
  16  0:49  Assimilator  
  17  0:56  Probe  
  18  1:08  Probe  
  19  1:20  Probe  
  20  1:28  Nexus  
  20  1:38  Cybernetics Core  
  20  1:42  Probe  
  21  1:48  Assimilator  
  22  1:54  Probe  
  22  1:58  Pylon  
  22  2:06  Probe  
  23  2:14  Probe  
  23  2:16  Adept  
  23  2:21  Stargate  
  23  2:22  Probe  
  26  2:28  Warp Gate  
  27  2:32  Probe  
  27  2:36  Probe  
  28  2:43  Stalker  
  29  2:45  Probe x2  
  33  2:55  Probe  
  33  2:58  Probe  
  35  3:02  Void Ray  
  35  3:11  Pylon  
  39  3:13  Probe  
  39  3:15  Probe  
  41  3:20  Adept  
  41  3:25  Probe  
  44  3:27  Probe  
  44  3:30  Oracle  
  44  3:33  Gateway  
  45  3:41  Probe x2  
  52  4:01  Nexus  
  50  4:04  Pylon, Twilight Council  
  50  4:08  Probe x2  
  52  4:13  Resonating Glaives  
  52  4:20  Gateway  
  52  4:22  Gateway  
  52  4:25  Adept  
  52  4:27  Probe x2  
  52  4:30  Adept  
  58  4:32  Pylon  
  58  4:42  Probe x2  
  60  4:48  Assimilator  
  60  4:52  Adept x2  
  64  4:54  Probe x2  
  66  5:02  Pylon  
  66  5:06  Probe x2  
  68  5:14  Probe  
  68  5:17  Adept x4  
  68  5:18  Probe x2  
  79  5:24  Pylon  
  79  5:27  Forge  
  79  5:37  Probe x3  
  79  5:38  Adept x2  
  79  5:39  Adept x2  
  90  5:49  Probe  
  93  5:50  Probe x2  
  93  5:51  Blink  
  91  5:59  Assimilator  
  91  6:01  Robotics Facility  
  89  6:05  Probe x3  
  92  6:14  Robotics Facility  
  92  6:15  Shield Battery  
  92  6:17  Pylon, Probe x3  
  95  6:18  Protoss Ground Weapons Level 1  
  95  6:24  Gateway  
  95  6:25  Gateway  
  95  6:29  Sentry  
  95  6:30  Zealot x2  
  101  6:34  Pylon  
  101  6:36  Assimilator  
  101  6:38  Immortal, Probe x3  
  104  6:44  Pylon  
  104  6:45  Pylon  
  104  6:51  Photon Cannon  
  104  6:53  Pylon  
  108  6:57  Immortal  
  108  7:02  Stalker x3  
  108  7:03  Stalker  
  120  7:13  Immortal  
  110  7:24  Stalker x2  
  110  7:26  Stalker x2  
  110  7:28  Zealot x2  
  110  7:29  Immortal  
  120  7:39  Immortal  
  116  7:49  Pylon  
  116  7:50  Stalker x3, Zealot  
  114  7:54  Stalker  
  114  7:56  Zealot  
  83  8:11  Stalker  
  82  8:15  Zealot x3  
  82  8:19  Zealot x2  
Tags
 
Add a new tag
Caveats
  • Supply blocks, unpowered buildings, or Contaminate may cause inaccurate times.
  • Supply counts are checked every 10 seconds.